 Dungeon Crawl Stone Soup version 0.19.1-1-g22dce08 (webtiles) character file.

25 Alarkh the Chopper (level 2, -8/24 HPs)
             Began as a Draconian Skald on Jan 9, 2017.
             Mangled by a kobold
             ... wielding a +0 whip of electrocution
              (16 damage)
             ... on level 1 of the Dungeon.
             The game lasted 00:00:42 (668 turns).

Alarkh the Chopper (Draconian Skald)                 Turns: 668, Time: 00:00:43

Health: -8/24      AC:  6    Str: 14    XL:     2   Next: 82%
Magic:  5/5        EV: 12    Int: 12    God:
Gold:   30         SH:  0    Dex: 10    Spells: 1 memorised, 4 levels left

rFire  . . .     SeeInvis .     a - +0 hand axe
rCold  . . .     Gourm    .     (armour unavailable)
rNeg   . . .     Faith    .     (no shield)
rPois  .         Spirit   .     (helmet restricted)
rElec  .         Reflect  .     k - +0 cloak
rCorr  .         Harm     .     f - +0 pair of gloves
MR     .....                    (no boots)
Stlth  +.........               (no amulet)
                                (no ring)
                                (no ring)

@: no status effects
A: unfitting armour, cold-blooded, AC +4
a: no special abilities


You were on level 1 of the Dungeon.
You were not hungry.

You visited 1 branch of the dungeon, and saw 1 of its levels.

You collected 30 gold pieces.

Inventory:

Hand Weapons
 a - a +0 hand axe (weapon)
Armour
 f - a +0 pair of gloves (worn)
 k - a +0 cloak (worn)
Scrolls
 g - a scroll of enchant armour {unknown}
 h - a scroll of blinking {unknown}
 j - a scroll of teleportation {unknown}
Potions
 e - 2 potions of might {unknown}
 i - a potion of mutation {unknown}
Books
 b - a book of Battle

   Spells                             Type                      Level
   a - Infusion                       Charms                       1
   b - Shroud of Golubria             Charms/Translocation         2
   c - Song of Slaying                Charms                       2
   d - Spectral Weapon                Hexes/Charms                 3
   e - Regeneration                   Charms/Necromancy            3
Comestibles
 c - a bread ration
 l - 2 fruits


   Skills:
 - Level 2.1 Fighting
 + Level 3.4 Axes
 - Level 1.3 Dodging
 - Level 2.0 Spellcasting
 - Level 2.6 Charms


You had 4 spell levels left.
You knew the following spells:

 Your Spells              Type           Power        Failure   Level  Hunger
a - Infusion              Chrm           #...         12%         1    ##.....


Dungeon Overview and Level Annotations

Branches:
Dungeon (1/15)

Altars:


Innate Abilities, Weirdness & Mutations

Your plain brown scales are hard. (AC +4)
You cannot fit into any form of body armour.
You are cold-blooded and may be slowed by cold attacks.


Message History

Ouch! That really hurt!
You are too injured to fight recklessly!
You are too injured to fight recklessly!
You are too injured to fight recklessly!
You are too injured to fight recklessly!
You are too injured to fight recklessly!
You are too injured to fight recklessly!
You are too injured to fight recklessly!
You are too injured to fight recklessly!
You are too injured to fight recklessly!
You are too injured to fight recklessly!
A kobold is nearby!
You hit the kobold.
The kobold is severely wounded.
The kobold hits you with a whip of electrocution.
You barely miss the kobold.
The kobold is severely wounded.
The kobold hits you but does no damage.
You are electrocuted!
Ouch! That really hurt!
You die...

##...#.........#.....≈........8..
...#...#..÷...###....≈.....♣.....
#...###.#.###.#.#...≈≈.♣.......≈
##...###.#.####†.#....≈≈..8..♣.≈≈
...#...........#.#..#..≈≈.....≈≈.
.#...###.#####......##..≈≈≈.≈≈≈..
.##.###.........#...##...........
.##.# #..####...K.####..........#
.##.###..####..#@####.........[.#
.##..>.........#.((###...........
.........#####.###.# ###..(......
..#.###..#####.# #(# ###.......
..#............# #.# ######..
..#####..####### #.# #.#
.....##...# #.# #.. #.##.###..#
#.# #.# #.##.#
#..########.############..


You could see a kobold.

Vanquished Creatures
  An ooze (D:1)
  3 leopard geckos (D:1)
  A ball python (D:1)
  3 bats (D:1)
  A frilled lizard (D:1)
  2 goblins (D:1)
  3 kobolds (D:1)
  6 rats (D:1)
20 creatures vanquished.

Notes
Turn   | Place    | Note
-------+----------+-------------------------------------------
     0 | D:1      | Alarkh the Draconian Skald began the quest for the Orb.
     0 | D:1      | Reached XP level 1. HP: 17/17 MP: 3/3
    70 | D:1      | Reached XP level 2. HP: 19/24 MP: 5/5
   202 | D:1      | Reached skill level 3 in Axes
   668 | D:1      | Mangled by a kobold

Skill      XL: |  1  2 |
---------------+-------+-----
Axes           | 3 |  3.4
Fighting       | |  2.1
Dodging        | |  1.3
Spellcasting   | |  2.0
Charms         | |  2.6

Action                   || total
-------------------------++-------
Melee: Hand axe          ||    71
       Tailslap          ||     5
Armor: Skin              ||    26
Dodge: Dodged            ||    71
